 Dungeon Sprint DCSS version 0.30-a0-4-ga7cffc901d (webtiles) character file.

Game seed: 13004414864143163407

239 mhtbhm the Unseen (level 5, 0/42 HPs)
             Began as a Spriggan Brigand on Aug 21, 2022.
             Was a Follower of Dithmenos.
             Incinerated by a deep elf pyromancer (2 damage)
             ... with a sticky flame
             ... in the Dungeon (Sprint III: "The Ten Rune Challenge").
             The game lasted 00:01:01 (630 turns).

mhtbhm the Unseen (Spriggan Brigand)                 Turns: 630, Time: 00:01:01

Health: 0/42       AC:  3    Str:  7    XL:     5   Next: 79%
Magic:  6/6        EV: 17    Int: 12    God:    Dithmenos [*.....]
Gold:   31         SH:  0    Dex: 19    Spells: 4/4 levels left

rFire   . . .      SeeInvis +    a - +2 dagger
rCold   . . .      Faith    .    (no shield)
rNeg    . . .      Spirit   .    b - +0 robe
rPois   .          Reflect  .    (helmet restricted)
rElec   .          Harm     .    c - +0 cloak
rCorr   .          Rampage  .    (gloves unavailable)
Will    .....      NoTele   +    (boots unavailable)
Stlth   ..........               (no amulet)
HPRegen 0.14/turn                (no ring)
MPRegen 0.10/turn                (no ring)

@: berserking, on fire, glowing, very quick
A: very small, no large weapons, unfitting armour, see invisible, speed 3
a: Renounce Religion


You were in the Dungeon.
You worshipped Dithmenos.
Dithmenos was aware of your devotion.
You visited 1 branch You collected 31 gold pieces.

Inventory:

Hand Weapons
 a - a +2 dagger (weapon)
Missiles
 d - 9 poisoned darts (quivered)
 e - 3 curare-tipped darts
Armour
 b - a +0 robe (worn)
 c - a +0 cloak (worn)
Wands
 s - a wand of flame (17)
Scrolls
 k - a scroll of blinking
 l - a scroll of identify {unknown}
 m - a scroll of poison {unknown}
 n - a scroll of magic mapping {unknown}
 p - a scroll of torment {unknown}
 q - a scroll of vulnerability {unknown}
Potions
 f - a potion of curing
 g - 2 potions of heal wounds
 h - a potion of haste
 i - 3 potions of magic
 o - a potion of brilliance {unknown}
 r - 4 potions of mutation


   Skills:
 + Level 3.0 Fighting
 + Level 4.9 Short Blades
 + Level 4.4 Throwing
 + Level 1.9 Dodging
 + Level 15.9 Stealth
 * Level 1.2 Invocations


You had 4 spell levels left.
You didn't know any spells.
Your spell library contained the following spells:

 Spells                   Type           Power      Damage    Failure   Level
 Beastly Appendage        Tmut           0%         N/A       32%         1
 Wereblood                Tmut           0%         N/A       45%         2
 Conjure Flame            Conj/Fire      0%         6-21      69%         3
 Ignite Poison            Fire/Tmut/Pois 0%         N/A       69%         3
 Spider Form              Tmut/Pois      0%         N/A       69%         3
 Passage of Golubria      Tloc           0%         N/A       97%         4
 Sticky Flame             Conj/Fire      0%         2d3       97%         4
 Silence                  Hex/Air        0%         N/A       100%        5
 Lehudib's Crystal Spear  Conj/Erth      0%         10d2      100%        8


Dungeon Overview and Level Annotations

Branches:
Dungeon (1/1)

Altars:
Dithmenos
Elyvilon
Kikubaaqudgha
Ru
Sif Muna
Vehumet
Yredelemnul
Zin
The Shining One


Innate Abilities, Weirdness & Mutations

You are very small and have problems with some larger weapons.
You are too small for most types of armour.
You have supernaturally acute eyesight. (SInv)
You cover ground extremely quickly. (Speed+++)


Message History

You pick up a book of the Moon and begin reading...
You add the spells Passage of Golubria, Silence and Lehudib's Crystal Spear to your library.
Things that are here:
a +0 dagger; a +0 robe
There is an open door here.
You open the door.
Found a glowing silver altar of Zin.
A deep elf pyromancer comes into view.
It is wielding a +1 long sword of holy wrath.
Found a potion of curing.
Found two altars.
There is an open door here.
The deep elf pyromancer shouts!
The deep elf pyromancer gestures wildly while chanting.
You hit the deep elf pyromancer.
The deep elf pyromancer is lightly wounded.
The deep elf pyromancer mumbles some strange words.
The fire elemental misses you.
Unknown command.
A red film seems to cover your vision as you go berserk!
You feel yourself moving faster!
You feel mighty! The fire elemental barely misses you.
The deep elf pyromancer misses you. The fire elemental hits you.
The fire elemental burns you!
You puncture the deep elf pyromancer!
The deep elf pyromancer is moderately wounded.
The fire elemental misses you. The fire elemental hits you.
The fire elemental burns you!
You hit the deep elf pyromancer.
The deep elf pyromancer is moderately wounded.
The deep elf pyromancer casts a spell at you.
The sticky flame hits you!
You are covered in liquid flames!
You hit the deep elf pyromancer.
The deep elf pyromancer is heavily wounded.
You are covered in liquid flames!
The fire elemental closely misses you. The fire elemental hits you.
The fire elemental burns you!
* * * LOW HITPOINT WARNING * * *
You barely miss the deep elf pyromancer.
The deep elf pyromancer is heavily wounded.
You are covered in liquid flames!
You die...

▓▓▓▓▓▓▓ ▓▓▓ ..'...♣♣♣
♣.##### #### ..#.....♣♣
♣.#E__# #__# ###......♣
♣.#e@.# #†_#
..#....~.♣♣♣♣.###E#+###'##
..#...~~.♣♣...#..........#
..#..~~~~.♣.♣.'.⌠........#
#'#..~≈≈~~~♣..#...######+#
..#.~~≈~~~....#.⌠.#
).#.~≈~~~.....#...#
..#.~~~.......#'###
###.....÷.....#.))#


You could see a deep elf pyromancer and 2 fire elementals.

Vanquished Creatures
  A water elemental (D)
  A necrophage (D)
  Jessica (D)
  A wizard (D)
  A necromancer (D)
  A human (D)
  A kobold demonologist (D)
  A phantom (D)
  2 endoplasms (D)
  A rat (D)
11 creatures vanquished.

Notes
Turn   | Place    | Note
-------+----------+-------------------------------------------
     0 | D        | mhtbhm the Spriggan Brigand began the quest for the Orb.
     0 | D        | Reached XP level 1. HP: 10/10 MP: 2/2
     5 | D        | Reached skill level 6 in Stealth
     8 | D        | Reached skill level 7 in Stealth
    12 | D        | Noticed Jessica
    19 | D        | Killed Jessica
    20 | D        | Reached skill level 10 in Stealth
    20 | D        | Reached XP level 2. HP: 3/15 MP: 3/3
    20 | D        | Reached XP level 3. HP: 4/18 MP: 4/4
   470 | D        | Reached skill level 11 in Stealth
   502 | D        | Noticed a water elemental
   505 | D        | Killed a water elemental
   506 | D        | Reached skill level 13 in Stealth
   506 | D        | Reached XP level 4. HP: 23/23 MP: 5/5
   516 | D        | Found a shadowy altar of Dithmenos.
   516 | D        | Noticed a necrophage
   517 | D        | Found a basalt altar of Yredelemnul.
   517 | D        | Found a sacrificial altar of Ru.
   519 | D        | Reached XP level 5. HP: 27/27 MP: 6/6
   521 | D        | Became a worshipper of Dithmenos the Shadowed
   523 | D        | Reached skill level 15 in Stealth
   605 | D        | Found a radiant altar of Vehumet.
   606 | D        | Found a shimmering blue altar of Sif Muna.
   606 | D        | Found an ancient bone altar of Kikubaaqudgha.
   609 | D        | Reached * piety under Dithmenos
   610 | D        | Reached skill level 1 in Invocations
   622 | D        | Found a glowing silver altar of Zin.
   623 | D        | Found a glowing golden altar of the Shining One.
   623 | D        | Found a white marble altar of Elyvilon.
   623 | D        | Noticed a deep elf pyromancer
   625 | D        | Noticed a fire elemental
   626 | D        | Noticed a fire elemental
   629 | D        | HP: 2/42 [fire elemental[a deep elf pyromancer] (12)]
   630 | D        | Incinerated by a deep elf pyromancer

Illustrated notes

Levels and vault maps discovered:
D:        dungeon_sprint_mu [sprint_mu_entry_forest, sprint_mu_temple_rooms,
          sprint_mu_d1_horrors, sprint_mu_d2_genie, sprint_mu_d3_branching,
          sprint_mu_orc_legion, sprint_mu_elf_gauntlet, sprint_mu_hive_nellie,
          sprint_mu_lair_fedhas, sprint_mu_vaults_butterflies,
          sprint_mu_slime_circle, sprint_mu_shoals_kraken,
          sprint_mu_snake_twists, sprint_mu_blade_basic, sprint_mu_crypt_lich,
          sprint_mu_tomb_spiral, sprint_mu_vestibule_basic,
          sprint_mu_gehenna_hellfire, sprint_mu_dis_giant,
          sprint_mu_tartarus_statrot, sprint_mu_cocytus_islands, sprint_mu_zot1]

Skill      XL: |  1  2  3  4  5 |
---------------+----------------+-----
Stealth        | 10 13 15 | 15.9
Fighting       | 2 3 |  3.0
Short Blades   | 3 4 |  4.9
Throwing       | 3 4 |  4.4
Invocations    | 1 |  1.2
Dodging        | |  1.9

Action                   |  1- 3 |  4- 6 || total
-------------------------+-------+-------++-------
Melee: Dagger            |    16 |     9 ||    25
       Punch             |     1 |       ||     1
Throw: Dart              |     5 |       ||     5
  Use: Potion            |       |     1 ||     1
 Stab: Sleeping          |     4 |     4 ||     8
Armor: Robe              |       |     2 ||     2
Dodge: Dodged            |     7 |     5 ||    12

Table legend: (Time is in decaauts)
 A = Elapsed time spent in this place.
 B = Non-inter-level travel time spent in this place.
 C = Inter-level travel time spent in this place.
 D = Time resting spent in this place.
 E = Time spent auto-exploring this place.
 F = Levels seen in this place.
 G = Mean time per level.
                   A        B        C        D        E       F      G
               +--------+--------+--------+--------+--------+-----+--------+
         Total |    578 |    578 |      0 |    325 |    126 |   1 |  578.0 |
       Dungeon |    578 |    578 |      0 |    325 |    126 |   1 |  578.0 |
               +--------+--------+--------+--------+--------+-----+--------+

Top non-repeatable levels by time:
       D: 578 daAuts
